 Dungeon Crawl Stone Soup version bcrawl-1.18.1 (webtiles) character file.

Game seed: 7631278264311233610

674 panicbit the Chopper (level 7, -6/61 HPs)
             Began as a Minotaur Fighter on Nov 10, 2019.
             Killed by divine providence
             ... invoked by an orc priest
              (15 damage)
             ... on level 4 of the Dungeon.
             The game lasted 00:09:37 (3508 turns).

panicbit the Chopper (Minotaur Fighter)             Turns: 3508, Time: 00:09:37

Health: -6/61      AC: 10    Str: 20    XL:     7   Next: 33%
Magic:  6/6        EV:  6    Int:  5    God:
Gold:   237        SH: 10    Dex: 12    Spells: 6/6 levels left

rFire    . . .     SeeInvis .   a - +0 war axe
rCold    + . .     Gourm    .   c - +0 shield
rNeg     . . .     Faith    .   y - +0 chain mail
rPois    .         Spirit   .   n - +0 hat
rElec    .         Reflect  .   (no cloak)
rCorr    .         Harm     .   (no gloves)
MR       .....                  (no boots)
Stlth    ..........             (no amulet)
HPRegen  0.20/turn              r - ring of protection from cold
MPRegen  0.10/turn              t - ring of wizardry

@: no status effects
A: retaliatory headbutt, horns 2
a: no special abilities


You were on level 4 of the Dungeon.
You were not hungry.

You visited 1 branch of the dungeon, and saw 4 of its levels.

You collected 237 gold pieces.

Inventory:

Hand Weapons
 a - a +0 war axe (weapon)
Armour
 b - a +0 scale mail
 c - a +0 shield (worn)
 n - a +0 hat (worn)
 y - a +0 chain mail (worn)
Jewellery
 r - a ring of protection from cold (left hand)
 t - a ring of wizardry (right hand)
Scrolls
 e - 6 scrolls of remove curse {unknown}
 i - a scroll of fear {unknown}
 j - 10 scrolls of identify {unknown}
 k - 4 scrolls of teleportation {unknown}
 l - a scroll of blinking {unknown}
 o - a scroll of enchant weapon {unknown}
 q - 2 scrolls of amnesia {unknown}
 u - 3 scrolls of magic mapping {unknown}
Potions
 d - a potion of might
 g - 3 potions of lignification {unknown}
 h - a potion of cancellation {unknown}
 m - 2 potions of heal wounds {unknown}
 p - a potion of degeneration {unknown}
 s - 3 potions of resistance {unknown}
 v - a potion of invisibility {unknown}
 x - a potion of agility {unknown}
Comestibles
 f - 5 rations {!d}


   Skills:
 + Level 5.0 Fighting
 + Level 6.2 Axes
 + Level 5.6 Armour
 + Level 1.4 Dodging
 + Level 0.3 Stealth
 + Level 5.8 Shields
 + Level 0.6 Unarmed Combat


You had 6 spell levels left.
You didn't know any spells.
Your spell library was empty.

Dungeon Overview and Level Annotations

Branches:
Dungeon (4/12)
 Temple: D:4-7

Altars:
Ashenzari
Dithmenos
Hepliaklqana
Xom
The Shining One

Annotations:
D:4 3 runed translucent doors, Metae's ghost, amateur MfSk; ilikeclowns's ghost, amateur MiAc


Innate Abilities, Weirdness & Mutations

You reflexively headbutt those who attack you in melee.
You have a pair of horns on your head.


Message History

The orc priest shouts!
Found a viscous silvery potion.
You closely miss the ogre. The ogre hits you with a +0 giant club!
The orc priest mumbles some strange prayers to Beogh against you.
Beogh smites you!
You closely miss the ogre.
The ogre hits you with a +0 giant club!!
* * * LOW HITPOINT WARNING * * *
You see here a jackal skeleton.
You closely miss the orc priest.
The orc priest invokes the aid of Beogh against you.
Beogh smites you!
* * * LOW HITPOINT WARNING * * *
You hit the orc priest.
The orc priest is lightly wounded.
The orc priest hits you with a +0 flail.
* * * LOW HITPOINT WARNING * * *
The orc priest mumbles some strange prayers to Beogh against you.
Beogh smites you!
You die...

#....#.#
#.########
####.#.#
#.....(..# #.#.#
########.#####
#.#.# #......
#.#.# #######
#.#.#
#.#.########
#..........#
###.######@# #.#
#..O# #.#
##.#.######
#.###...o.....#
#.##..#..####..#
#.##.##รท##..##
#....#..#!...#
####.#...O#
#.##..##


You could see an ogre and an orc priest.

Vanquished Creatures
  A sky beast (D:4)
  A phantom (D:3)
  A bullfrog (D:4)
  A scorpion (D:3)
  2 crimson imps (D:4)
  A hound (D:4)
  Ijyb (D:4)
  2 orc wizards (D:4)
  3 worker ants (D:4)
  5 adders
  2 oozes
  An adder skeleton (D:4)
  3 worms
  2 dart slugs (D:1)
  4 leopard geckos
  2 orcs
  4 giant cockroaches
  3 hobgoblins
  3 jackals
  8 kobolds
  A quokka (D:2)
  6 bats (D:1)
  5 frilled lizards
  9 goblins
  2 rats
73 creatures vanquished.

Vanquished Creatures (others)
  A withered plant (D:4)
1 creature vanquished.

Grand Total: 74 creatures vanquished

Notes
Turn   | Place    | Note
-------+----------+-------------------------------------------
     0 | D:1      | panicbit the Minotaur Fighter began the quest for the Orb.
     0 | D:1      | Reached XP level 1. HP: 19/19 MP: 0/0
   123 | D:1      | Reached XP level 2. HP: 26/27 MP: 1/1
   311 | D:1      | Reached XP level 3. HP: 33/33 MP: 2/2
   714 | D:2      | Reached skill level 3 in Axes
   851 | D:2      | Found a shimmering altar of Xom.
  1050 | D:2      | Found a hazy altar of Hepliaklqana.
  1416 | D:3      | Found a shattered altar of Ashenzari.
  1428 | D:3      | Reached XP level 4. HP: 21/40 MP: 3/3
  1809 | D:3      | Reached skill level 4 in Axes
  1831 | D:3      | Found a faded altar of an unknown god.
  2003 | D:3      | Reached XP level 5. HP: 45/46 MP: 4/4
  2036 | D:3      | Found a glowing golden altar of the Shining One.
  2037 | D:3      | Found a shadowy altar of Dithmenos.
  2156 | D:3      | Noticed a phantom
  2174 | D:3      | Killed a phantom
  2411 | D:4      | Noticed Ijyb
  2478 | D:4      | Killed Ijyb
  2525 | D:4      | Reached skill level 5 in Axes
  2525 | D:4      | Reached skill level 5 in Armour
  2525 | D:4      | Reached skill level 5 in Shields
  2525 | D:4      | Reached XP level 6. HP: 44/53 MP: 5/5
  2705 | D:4      | Reached skill level 1 in Dodging
  3000 | D:4      | Reached XP level 7. HP: 60/60 MP: 6/6
  3063 | D:4      | Found a runed translucent gate.
  3064 | D:4      | Found a runed translucent gate.
  3064 | D:4      | Found a runed translucent gate.
  3065 | D:4      | Noticed Metae's ghost (amateur MfSk)
  3066 | D:4      | Noticed ilikeclowns's ghost (amateur MiAc)
  3069 | D:4      | Reached skill level 5 in Fighting
  3069 | D:4      | Reached skill level 6 in Axes
  3508 | D:4      | Killed from afar by an orc priest

Skill      XL: |  1  2  3  4  5  6  7 |
---------------+----------------------+-----
Armour         | 4 5 |  5.6
Shields        | 4 5 |  5.8
Fighting       | 4 5 |  5.0
Axes           | 3 4 5 6 |  6.2
Dodging        | 1 |  1.4
Stealth        | |  0.3
Unarmed Combat | |  0.6

Action                   |  1- 3 |  4- 6 |  7- 9 || total
-------------------------+-------+-------+-------++-------
Melee: War axe           |   108 |    98 |    39 ||   245
       Headbutt          |    12 |    19 |     5 ||    36
       Unarmed           |       |    11 |       ||    11
  Eat: Chunk             |     1 |     6 |     2 ||     9
Armor: Scale mail        |    55 |    26 |       ||    81
       Skin              |       |     7 |       ||     7
       Chain mail        |       |     2 |    17 ||    19
Dodge: Dodged            |    31 |    33 |     4 ||    68
Block: Shield            |    72 |    43 |    15 ||   130
